 Dungeon Crawl Stone Soup version 0.28.0-62-gf88900778d (webtiles) character file.

Game seed: 1755307278737914696

392 cbfl8 the Covert (level 7, -1/42 HPs)
             Began as a Kobold Delver on June 28, 2023.
             Slain by a water moccasin (4 damage)
             ... on level 3 of the Dungeon.
             The game lasted 00:05:32 (3890 turns).

cbfl8 the Covert (Kobold Delver)                    Turns: 3890, Time: 00:05:32

Health: -1/42      AC:  9    Str: 11    XL:     7   Next: 8%
Magic:  7/7        EV:  8    Int: 12    God:
Gold:   29         SH:  0    Dex: 22    Spells: 6/6 levels left

rFire   . . .      SeeInvis .   a - +1 short sword
rCold   . . .      Faith    .   (no shield)
rNeg    . . .      Spirit   .   i - +0 chain mail {rPois}
rPois   +          Reflect  .   (no helmet)
rElec   .          Harm     .   k - scarf {shadows}
rCorr   .          Rampage  .   p - +0 pair of gloves
Will    .....                   (no boots)
Stlth   +++.......              q - amulet of the acrobat
HPRegen 0.14/turn               h - +6 ring of dexterity
MPRegen 0.10/turn               (no ring)

@: no status effects
A: small, no large weapons, nightstalker 3
a: no special abilities


You were on level 3 of the Dungeon.
You visited 1 branch of the dungeon, and saw 5 of its levels.

You collected 107 gold pieces.
You spent 78 gold pieces at shops.

Inventory:

Hand Weapons
 a - a +1 short sword (weapon)
Armour
 i - a +0 chain mail of poison resistance (worn)
 k - a scarf of shadows (worn)
 p - a +0 pair of gloves (worn)
Jewellery
 h - a +6 ring of dexterity (left hand)
 q - an amulet of the acrobat (around neck)
Wands
 g - a wand of digging (3)
 j - a wand of iceblast (7)
Scrolls
 c - a scroll of fog
 d - a scroll of magic mapping
 e - 2 scrolls of noise
 m - a scroll of holy word
 n - a scroll of teleportation
Potions
 b - a potion of flight {unknown}
 f - 2 potions of haste
 l - a potion of curing {unknown}
 r - a potion of ambrosia {unknown}


   Skills:
 + Level 3.9 Fighting
 + Level 4.6 Short Blades
 + Level 1.5 Armour
 + Level 2.7 Dodging
 * Level 9.3 Stealth
 * Level 2.6 Evocations


You had 6 spell levels left.
You didn't know any spells.
Your spell library contained the following spells:

 Spells                   Type           Power      Damage    Failure   Level
 Summon Small Mammal      Summ           0%         N/A       100%        1
 Call Canine Familiar     Summ           0%         N/A       100%        3
 Summon Guardian Golem    Hex/Summ       0%         N/A       100%        3


Dungeon Overview and Level Annotations

Branches:
Dungeon (5/15)
 Temple: D:4-7

Altars:

Shops:
D:2 *


Innate Abilities, Weirdness & Mutations

You are small and have problems with some larger weapons.
You are completely attuned to the shadows.


Message History

You hit the water moccasin but do no damage.
The water moccasin is severely wounded.
The water moccasin bites you but does no damage.
You hit the water moccasin.
The water moccasin is severely wounded.
The water moccasin bites you.
You closely miss the water moccasin.
The water moccasin is severely wounded.
The water moccasin barely misses you.
You hit the water moccasin.
The water moccasin is almost dead.
The water moccasin bites you but does no damage.
You hit the water moccasin but do no damage.
The water moccasin is almost dead.
The water moccasin bites you but does no damage.
The water moccasin bites you.
You barely miss the water moccasin.
The water moccasin is almost dead.
The water moccasin closely misses you.
You barely miss the water moccasin.
The water moccasin is almost dead.
The water moccasin bites you.
You barely miss the water moccasin.
The water moccasin is almost dead.
The water moccasin bites you.
* * * LOW HITPOINT WARNING * * *
You closely miss the water moccasin.
The water moccasin is almost dead.
The water moccasin bites you.
* * * LOW HITPOINT WARNING * * *
You barely miss the water moccasin.
The water moccasin is almost dead.
The water moccasin bites you.
* * * LOW HITPOINT WARNING * * *
The water moccasin bites you.
* * * LOW HITPOINT WARNING * * *
You hit the water moccasin.
The water moccasin is almost dead.
The water moccasin bites you.
You die...

###.# ##...######.#..
#.###############..........#...
#...............).....#####.#..
#........####.###.....# .##.
...##.###.# #.# ##....# .#
#####.# #.# ##.## #.#
#.(.###<.. .....#...# #.
#..@....## .. ##S.##...# ..
#..#..... ## ...#.#..# #
#.....## # ###.### ###. #.#
.... #.#.# # #.##>#.#


You could see a water moccasin.

Vanquished Creatures
  Sigmund (D:3)
  A necrophage (D:3)
  Ijyb (D:3)
  A hound zombie (D:3)
  A gnoll (D:1)
  2 adders (D:2)
  2 adder skeletons (D:2)
  2 worms
  A dart slug (D:3)
  2 orcs (D:3)
  8 bats
  7 endoplasms
  2 giant cockroaches
  3 goblins
  8 hobgoblins
  8 jackals
  2 quokkas (D:2)
  4 ball pythons
  8 frilled lizards
  7 rats
71 creatures vanquished.

Notes
Turn   | Place    | Note
-------+----------+-------------------------------------------
     0 | D:5      | cbfl8 the Kobold Delver began the quest for the Orb.
     0 | D:5      | Reached XP level 1. HP: 14/14 MP: 1/1
    47 | D:5      | Noticed an iguana
   127 | D:5      | Noticed a black bear
   164 | D:5      | Noticed an iguana
   176 | D:5      | Noticed a sky beast
   206 | D:5      | Noticed a water moccasin zombie
   604 | D:3      | Noticed Ijyb
   608 | D:3      | Killed Ijyb
   609 | D:3      | Reached skill level 7 in Stealth
   609 | D:3      | Reached XP level 2. HP: 19/19 MP: 2/2
   609 | D:3      | Reached XP level 3. HP: 23/23 MP: 3/3
   694 | D:3      | Reached skill level 1 in Evocations
   836 | D:3      | Reached XP level 4. HP: 27/28 MP: 4/4
   921 | D:3      | Reached skill level 8 in Stealth
  1365 | D:2      | Found Cete's General Store.
  1510 | D:1      | Found a faded altar of an unknown god.
  1575 | D:1      | Reached XP level 5. HP: 31/32 MP: 5/5
  2768 | D:2      | Reached skill level 1 in Armour
  2890 | D:2      | Bought a scroll of identify for 26 gold pieces
  2890 | D:2      | Bought a wand of paralysis (2) for 52 gold pieces
  3056 | D:3      | Noticed a necrophage
  3058 | D:3      | Killed a necrophage
  3059 | D:3      | Reached XP level 6. HP: 38/38 MP: 6/6
  3071 | D:3      | Noticed Sigmund
  3389 | D:3      | Killed Sigmund
  3390 | D:3      | Reached skill level 9 in Stealth
  3390 | D:3      | Reached XP level 7. HP: 24/42 MP: 7/7
  3858 | D:3      | Noticed a water moccasin
  3890 | D:3      | Slain by a water moccasin

Illustrated notes

Levels and vault maps discovered:
D:1:      dpeg_arrival_brainrot, layout_loops_ring,
          shapermc_ecumenical_altar_gd, wander_ebering_terrifying_dragon_lair
D:2:      layout_basic, serial_shops, nicolae_shop_stone,
          corexii_leaking_fountain, minmay_misc_feat_alley
D:3:      layout_loops_ring, uniq_sigmund, uniq_ijyb
D:4:      minmay_goblin_kobold_castle, layout_gridville
D:5:      layout_basic, palyth_stone_intersect

Skill      XL: |  1  2  3  4  5  6 |
---------------+-------------------+-----
Stealth        | 7 8 9 |  9.3
Evocations     | 1 2 |  2.6
Short Blades   | 3 4 |  4.6
Armour         | 1 |  1.5
Fighting       | |  3.9
Dodging        | |  2.7

Action                   |  1- 3 |  4- 6 |  7- 9 || total
-------------------------+-------+-------+-------++-------
Melee: Short sword       |    33 |   193 |    35 ||   261
       Punch             |       |     3 |       ||     3
Evoke: Wand              |       |     2 |       ||     2
  Use: Scroll            |     3 |     4 |       ||     7
       Potion            |     1 |       |       ||     1
 Stab: Sleeping          |     4 |    17 |     2 ||    23
Armor: Leather armour    |     1 |       |       ||     1
       Chain mail        |    14 |   107 |    14 ||   135
Dodge: Dodged            |    14 |    82 |     9 ||   105
